Map: Shrines of Lizul

Players

CrOsShAiR

  • Race: Terran Terran
  • League: Diamond

Amps

  • Race: Protoss Protoss

ChatShire - Winner!

  • Race: Zerg Zerg

Tenonee - Winner!

  • Race: Zerg Zerg
  • League: Diamond

VOD

Have the link to the VOD?

Description

Time

  • Played on: July 26, 2016, 12:53 p.m.
  • Length: 8:53
Show
View Real Time Build Order
Export as new Build Order

CrOsShAiR Terran 

Build Orders: Reaper Expand, Hellion Banshee 

Get SALT Encoding   

  12  0:01  SCV  
  13  0:13  SCV  
  14  0:18  Supply Depot  
  14  0:25  SCV  
  15  0:30  Refinery  
  15  0:40  SCV  
  16  0:47  Barracks  
  16  0:52  SCV  
  17  1:04  SCV  
  18  1:16  SCV  
  19  1:34  Reaper, Orbital Command  
  20  1:47  Command Center  
  20  1:57  Supply Depot  
  20  2:01  SCV  
  20  2:05  Refinery  
  20  2:07  Barracks Reactor  
  21  2:30  Factory  
  21  2:33  SCV  
  21  2:36  Supply Depot  
  22  2:44  Marine x2  
  22  2:45  SCV  
  25  2:57  SCV  
  26  3:01  Orbital Command  
  25  3:09  SCV  
  26  3:15  Starport  
  26  3:21  SCV  
  27  3:33  Supply Depot  
  29  3:34  Hellion  
  29  3:35  Supply Depot  
  29  3:37  Supply Depot  
  29  3:41  Barracks Tech Lab  
  29  3:44  Hellion  
  29  3:45  SCV  
  32  3:49  SCV  
  35  3:55  Hellion  
  35  3:57  SCV  
  36  4:06  Hellion  
  40  4:17  Hellion  
  40  4:18  Cloaking Field, Medivac  
  42  4:24  SCV  
  42  4:27  Hellion  
  42  4:28  Orbital Command  
  47  4:38  Hellion  
  47  4:43  SCV  
  48  4:46  Marine  
  48  4:48  Banshee  
  48  4:49  Hellion  
  48  4:51  Engineering Bay  
  56  5:00  Hellion  
  56  5:04  Marine  
  57  5:10  Hellion  
  57  5:13  SCV x2  
  63  5:21  Hellion  
  63  5:31  Hellion  
  59  5:45  Starport x2, SCV x2  
  59  5:46  Command Center  
  61  5:52  Banshee  
  61  5:55  Barracks Tech Lab  
  61  5:56  Widow Mine x2  
  68  6:02  SCV x2  
  70  6:06  Refinery, Armory  
  63  6:14  SCV  
  63  6:17  Liberator  
  64  6:18  SCV  
  64  6:23  Starport Reactor x2  
  65  6:26  Widow Mine  
  65  6:27  Widow Mine  
  72  6:41  Marine  
  72  6:46  Liberator x2  
  73  6:54  Liberator x2  
  73  6:55  Widow Mine x2  
  73  6:58  Marine  
  78  7:06  SCV  
  78  7:07  Orbital Command  
  70  7:08  Missile Turret  
  70  7:09  Refinery  
  70  7:10  Missile Turret  
  76  7:19  Marauder  
  64  7:40  Marine  
  49  7:53  Viking  
  49  7:58  Marine  
  35  8:16  Marauder, SCV x2  
  40  8:28  SCV  
  40  8:29  SCV  
  38  8:40  SCV  
  38  8:41  SCV  
Show
View Real Time Build Order
Export as new Build Order

Amps Protoss 

Build Orders:  

Get SALT Encoding   

  12  0:00  Probe (Chrono Boost)  
  13  0:11  Probe (Chrono Boost)  
  14  0:18  Pylon  
  14  0:22  Probe (Chrono Boost)  
  15  0:37  Probe (Chrono Boost)  
  15  0:41  Gateway  
  16  0:47  Probe (Chrono Boost)  
  17  0:53  Pylon  
  18  1:04  Probe (Chrono Boost)  
  18  1:06  Assimilator  
  17  1:14  Probe (Chrono Boost)  
  18  1:22  Pylon  
  18  1:25  Probe (Chrono Boost)  
  19  1:37  Cybernetics Core  
  19  1:40  Probe (Chrono Boost)  
  20  1:57  Nexus  
  20  1:58  Assimilator  
  20  2:02  Probe (Chrono Boost)  
  20  2:08  Pylon  
  21  2:12  Pylon  
  20  2:35  Warp Gate  
  20  2:43  Pylon  
  20  2:45  Assimilator  
  20  2:49  Mothership Core (Chrono Boost)  
  20  2:51  Pylon  
  22  2:52  Zealot  
  24  3:14  Gateway  
  24  3:22  Sentry  
  26  3:32  Probe (Chrono Boost)  
  27  3:45  Gateway  
  27  3:47  Gateway  
  27  4:02  Adept  
  22  4:43  Nexus  
  22  4:52  Sentry x2  
  26  5:03  Probe (Chrono Boost)  
  28  5:15  Probe (Chrono Boost)  
  28  5:16  Zealot x2  
  28  5:20  Sentry  
  34  5:26  Probe (Chrono Boost)  
  35  5:35  Twilight Council  
  35  5:38  Probe (Chrono Boost)  
  36  5:49  Probe (Chrono Boost)  
  37  5:52  Forge  
  37  5:56  Probe (Chrono Boost)  
  38  6:00  Probe (Chrono Boost)  
  39  6:06  Probe (Chrono Boost)  
  33  6:31  Zealot x3  
  27  6:44  Pylon  
  27  6:45  Pylon  
Show
View Real Time Build Order
Export as new Build Order

ChatShire Zerg - Winner!

Build Orders: Pool First 

Get SALT Encoding   

  12  0:01  Drone  
  13  0:24  Spawning Pool  
  13  0:25  Extractor  
  11  0:30  Drone  
  12  0:36  Drone  
  13  0:43  Drone  
  14  0:50  Overlord  
  14  1:11  Queen  
  14  1:12  Zergling x2  
  14  1:18  Zergling x4  
  19  1:28  Metabolic Boost  
  19  1:36  Zergling x2  
  20  1:43  Zergling x2  
  21  1:47  Overlord  
  21  1:57  Zergling x2  
  22  2:07  Zergling x2  
  22  2:28  Zergling x8  
  22  2:39  Zergling x2  
  23  2:47  Hatchery  
  23  2:49  Zergling x2  
  23  3:05  Drone, Zergling x2  
  25  3:06  Zergling x2  
  26  3:18  Zergling x2  
  24  3:27  Zergling x2  
  25  3:37  Overlord, Queen  
  25  3:39  Zergling x4  
  29  3:45  Overlord  
  28  4:08  Drone x2  
  28  4:09  Drone x3  
  32  4:11  Drone x2  
  27  4:25  Drone x2  
  27  4:43  Drone  
  27  4:44  Drone x5  
  33  4:51  Roach Warren  
  33  4:52  Drone  
  33  5:00  Drone  
  34  5:14  Drone x6  
  37  5:19  Extractor  
  37  5:20  Extractor  
  42  5:35  Roach x2  
  42  5:36  Roach x5  
  42  5:37  Overlord x2  
  52  6:05  Roach x3  
  52  6:06  Drone x3  
  52  6:07  Drone x5  
  66  6:16  Overlord  
  65  6:19  Spore Crawler  
  65  6:21  Queen, Spore Crawler  
  65  6:25  Spore Crawler  
  64  6:51  Overlord x3  
  64  6:53  Roach x6  
  74  7:04  Drone, Overlord  
  74  7:05  Overlord  
  74  7:07  Pneumatized Carapace  
  75  7:12  Roach x3  
  81  7:18  Roach x2  
  77  7:45  Roach x2  
  77  7:46  Roach x7  
  87  8:07  Roach x4  
  87  8:24  Roach x6  
Show
View Real Time Build Order
Export as new Build Order

Tenonee Zerg - Winner!

Build Orders: Pool First 

Get SALT Encoding   

  12  0:01  Drone  
  13  0:13  Overlord  
  13  0:19  Drone  
  14  0:33  Drone x2  
  16  0:37  Drone  
  17  0:45  Drone  
  18  1:02  Spawning Pool  
  17  1:12  Hatchery  
  17  1:16  Drone  
  17  1:19  Drone  
  18  1:28  Overlord  
  18  1:41  Drone x2  
  20  1:49  Queen  
  22  2:03  Drone  
  22  2:04  Drone  
  24  2:15  Extractor x2  
  22  2:17  Roach Warren  
  21  2:26  Queen  
  21  2:28  Queen  
  25  2:40  Drone x5  
  30  3:05  Lair  
  30  3:08  Queen  
  30  3:12  Drone x4  
  36  3:16  Overlord  
  36  3:34  Overlord  
  36  3:36  Drone  
  36  3:37  Drone x5  
  42  3:57  Drone x2  
  42  3:58  Extractor x2, Drone x3  
  42  4:00  Drone  
  42  4:02  Glial Reconstitution  
  46  4:15  Drone  
  47  4:25  Drone x3  
  47  4:28  Overlord x2  
  47  4:30  Overlord  
  50  4:51  Roach x7  
  64  5:00  Evolution Chamber  
  64  5:04  Roach x2  
  67  5:15  Roach x4  
  67  5:20  Overlord  
  75  5:23  Overlord  
  75  5:24  Overlord x2  
  75  5:28  Zerg Ground Armor Level 1  
  75  5:42  Ravager x5  
  80  5:43  Ravager x3  
  80  5:44  Roach  
  80  5:45  Roach x5  
  80  5:49  Overlord  
  95  6:11  Roach x6  
  105  6:31  Roach  
  105  6:32  Roach x6  
  113  6:37  Overlord  
  108  7:04  Spore Crawler  
  108  7:06  Spore Crawler  
  97  7:15  Overseer x2  
  97  7:17  Queen  
  97  7:18  Hatchery, Queen  
  98  7:36  Roach x6  
  110  7:47  Overlord  
  110  7:48  Overlord  
  110  7:53  Queen x2  
  101  8:32  Extractor x2  
  91  8:38  Ravager x2  
  91  8:39  Ravager x5  
Tags
 
Add a new tag
Caveats
  • Supply blocks, unpowered buildings, or Contaminate may cause inaccurate times.
  • Supply counts are checked every 10 seconds.